 Dungeon Crawl Stone Soup version 0.22-a0-135-g6f012ad (webtiles) character file.

142 galech the Ruffian (level 5, -5/53 HPs)
             Began as a Troll Monk on Jan 31, 2018.
             Slain by a gnoll
             ... wielding a +0 halberd
              (9 damage)
             ... on level 3 of the Dungeon.
             The game lasted 00:03:28 (1512 turns).

galech the Ruffian (Troll Monk)                     Turns: 1512, Time: 00:03:28

Health: -5/53      AC:  6    Str: 20    XL:     5   Next: 3%
Magic:  4/4        EV:  4    Int:  6    God:
Gold:   100        SH:  0    Dex: 12    Spells: 4/4 levels left

rFire    + . .     SeeInvis .     - Unarmed
rCold    . . .     Gourm    +   f - +2 shield
rNeg     . . .     Faith    .   a - +1 robe
rPois    .         Spirit   .   (helmet restricted)
rElec    .         Reflect  .   (no cloak)
rCorr    .         Harm     .   (gloves unavailable)
MR       .....                  (boots unavailable)
Stlth    ++........             (no amulet)
HPRegen  0.57/turn              d - ring of protection from fire
MPRegen  0.09/turn              (no ring)

@: held
A: large, unfitting armour, claws 3, fast metabolism 3, gourmand, regeneration
1, shaggy fur 1, tough skin 2
a: no special abilities


You were on level 3 of the Dungeon.
You were very full.

You visited 1 branch of the dungeon, and saw 3 of its levels.

You collected 100 gold pieces.

Inventory:

Armour
 a - a +1 robe (worn)
 f - a +2 shield (worn)
Jewellery
 d - a ring of protection from fire (left claw)
Scrolls
 g - a scroll of enchant armour
 i - 4 scrolls of immolation {unknown}
 j - a scroll of blinking {unknown}
 k - 2 scrolls of teleportation {unknown}
 n - a scroll of identify {unknown}
Potions
 c - a potion of brilliance {unknown}
 e - a potion of lignification {unknown}
 l - a potion of haste {unknown}
 m - a potion of flight {unknown}
Comestibles
 b - 4 rations
 h - 5 chunks of flesh


   Skills:
 + Level 3.1 Fighting
 - Level 2.6 Dodging
 - Level 1.0 Stealth
 + Level 1.4 Shields
 * Level 4.5 Unarmed Combat


You had 4 spell levels left.
You didn't know any spells.

Dungeon Overview and Level Annotations

Branches:
Dungeon (3/15)

Altars:
Ashenzari


Innate Abilities, Weirdness & Mutations

You are too large for most types of armour.
You have claws for hands.
Your metabolism is lightning-fast.
You like to eat raw meat.
Your natural rate of healing is unusually fast.
You are covered in fur. (AC +1)
You have very tough skin. (AC +2)


Message History

The jackal barely misses you. You block the gnoll's attack.
The jackal barely misses you.
The gnoll throws a throwing net.
The throwing net hits you.
You become entangled in the net!
The jackal bites you but does no damage.
You struggle against the net.
The jackal completely misses you. The jackal bites you.
* * * LOW HITPOINT WARNING * * *
The jackal bites you but does no damage.
The gnoll hits you with a halberd!
* * * LOW HITPOINT WARNING * * *
The jackal bites you but does no damage. x2
You tear a large gash into the net.
The jackal bites you but does no damage. x3
The gnoll barely misses you. The jackal bites you.
* * * LOW HITPOINT WARNING * * *
You struggle against the net.
The jackal bites you.
* * * LOW HITPOINT WARNING * * *
The jackal bites you but does no damage. x2
The gnoll hits you with a halberd!
You die...

#. ##........ .
..# .........
....#.##........
................
....#.##%...##..
......##........
!..............#
....#...h.......
.......h@.......
.......hg.g.....
......†<..#.....
..<.......#.....
......#####.#...
...... ..#
...... .. ≈≈≈≈≈
≈≈≈≈


You could see 2 gnolls and 3 jackals.

Vanquished Creatures
  8 adders
  A worm (D:2)
  4 dart slugs
  A leopard gecko (D:3)
  An orc (D:3)
  6 goblins
  9 hobgoblins
  12 jackals
  10 bats
  A frilled lizard (D:1)
  4 rats
57 creatures vanquished.

Notes
Turn   | Place    | Note
-------+----------+-------------------------------------------
     0 | D:1      | galech the Troll Monk began the quest for the Orb.
     0 | D:1      | Reached XP level 1. HP: 22/22 MP: 0/0
   303 | D:1      | Reached XP level 2. HP: 29/29 MP: 1/1
   567 | D:2      | Reached XP level 3. HP: 29/36 MP: 2/2
   596 | D:2      | Found a faded altar of an unknown god.
   798 | D:2      | Reached skill level 1 in Shields
   798 | D:2      | Reached skill level 4 in Unarmed Combat
   798 | D:2      | Reached XP level 4. HP: 44/44 MP: 3/3
   994 | D:2      | Found a shattered altar of Ashenzari.
  1491 | D:3      | Reached XP level 5. HP: 51/53 MP: 4/4
  1512 | D:3      | Slain by a gnoll

Vault maps used:
D:1:      onia_arrival_pyramid
D:2:      lemuel_round_altar, chequers_ecumenical_altar_simple_redux,
          first_ration
D:3:      lemuel_castle_with_subvaults, lemuel_crystal_altar, xom_redecorated,
          uniq_terence

Skill      XL: |  1  2  3  4 |
---------------+-------------+-----
Shields        | 1 |  1.4
Unarmed Combat | 4 |  4.5
Fighting       | 3 |  3.1
Dodging        | |  2.6
Stealth        | |  1.0

Action                   |  1- 3 |  4- 6 || total
-------------------------+-------+-------++-------
Melee: Unarmed           |    83 |    89 ||   172
  Use: Scroll            |     2 |       ||     2
 Stab: Sleeping          |     3 |     2 ||     5
  Eat: Chunk             |    13 |     6 ||    19
Armor: Robe              |    39 |    52 ||    91
Dodge: Dodged            |    34 |    37 ||    71
Block: Shield            |    27 |    68 ||    95

Table legend:
 A = Spawn XP
 B = Non-spawn XP
 C = Spawn XP percentage of total XP
 D = Spawn monster count
 E = Non-spawn monster count
 F = Spawn count percentage of total count
 G = Total turns spent on level
                    A         B        C        D         E        F      G
               +---------+---------+-------+---------+---------+-------+---------
         Total |       0 |     203 |   0.0 |       0 |      57 |   0.0 |  1512
               +---------+---------+-------+---------+---------+-------+---------
           D:1 |       0 |      30 |   0.0 |       0 |      18 |   0.0 |   560
           D:2 |       0 |     133 |   0.0 |       0 |      33 |   0.0 |   896
           D:3 |       0 |      40 |   0.0 |       0 |       6 |   0.0 |    56
               +---------+---------+-------+---------+---------+-------+---------
